 Dungeon Crawl Stone Soup version 0.18-a0-270-ga9d907f (console) character file.

354 endege the Chopper (level 6, -10/37 HPs)
             Began as a Gargoyle Berserker on Nov 26, 2015.
             Was a Priest of Trog.
             Killed from afar by a goblin (12 damage)
             ... with a wand of fire
             ... on level 3 of the Dungeon.
             The game lasted 00:03:02 (2613 turns).

endege the Chopper (Gargoyle Berserker)             Turns: 2613, Time: 00:03:02

Health: -10/37     AC:  9    Str: 19 (21) XL:     6   Next: 63%
Magic:  6/6        EV: 11    Int:  7      God:    Trog [***...]
Gold:   94         SH:  0    Dex: 11      Spells: 0 memorised, 5 levels left

rFire  . . .     SeeInvis .     Y - +0 hand axe
rCold  . . .     Clarity  .     m - +0 ring mail
rNeg   + . .     SustAt   .     (no shield)
rPois  ∞         Gourm    .     (no helmet)
rElec  +         Spirit   .     (no cloak)
rCorr  .         Warding  .     (no gloves)
rMut   .         Stasis   .     (no boots)
MR     ++...                    (no amulet)
Stlth  +.........               (no ring)
                                (no ring)

@: exhausted, regenerating, slowed, very slow, very resistant to hostile
enchantments, very unstealthy
A: negative energy resistance 1, electricity resistance, unbreathing,
petrification resistance, rot immunity, AC +4
a: Berserk, Trog's Hand, Burn Spellbooks, Renounce Religion


You were on level 3 of the Dungeon.
You worshipped Trog.
Trog was most pleased with you.
You were very hungry.

You visited 1 branch of the dungeon, and saw 3 of its levels.

You collected 94 gold pieces.


Innate Abilities, Weirdness & Mutations

You are resistant to torment.
Your stone body is resilient (AC +4).
You are immune to poison.
You resist negative energy.
You are resistant to electric shocks.
You can survive without breathing.
You are immune to petrification.
You are immune to rotting.


   Skills:
 - Level 3.3 Fighting
 + Level 6.6 Axes
 - Level 2.1 Armour
 - Level 1.5 Dodging


You had 5 spell levels left.
You didn't know any spells.

Inventory:

Hand Weapons
 Y - a +0 hand axe (weapon)
Missiles
 i - 3 tomahawks (quivered)
Armour
 m - a +0 ring mail (worn)
Jewellery
 h - an uncursed ring of see invisible {unknown}
Scrolls
 b - a scroll of remove curse {unknown}
 g - 2 scrolls of identify
Potions
 a - a potion of might {unknown}
 e - a potion of cancellation {unknown}
Comestibles
 c - a bread ration
 d - 2 chunks of flesh
 f - 2 slices of pizza
 n - a royal jelly

Dungeon Overview and Level Annotations

Branches:
Dungeon (3/15)

Altars:
Yredelemnul

Annotations:
D:3 Grinder


Message History

You are exhausted.
You feel yourself slow down.
You are feeling very hungry.
Grinder hits you.
* * * LOW HITPOINT WARNING * * *
2612 ||| INVOKING Trog's Hand.
Your skin crawls.
You feel resistant to hostile enchantments.
You feel slightly more hungry. Grinder hits you.
* * * LOW HITPOINT WARNING * * *
The goblin closely misses you.
You hit Grinder.
Grinder is severely wounded.
You barely miss the goblin. Grinder hits you but does no damage.
The goblin zaps a wand.
The bolt of fire hits you!
* * * LOW HITPOINT WARNING * * *
Grinder hits you.
* * * LOW HITPOINT WARNING * * *
The goblin zaps a wand.
The bolt of fire hits you!
You die...

##### ####### #....
....... #....
......5#############..##
......g@..............#
......%##############.#
...(... #.# ...(... #.#
%.(.... #.# .......
#######.## .......
........'( #######
#######)## ........#
#######.# #.#


You could see Grinder and a goblin.

Vanquished Creatures
  Sigmund (D:2)
  An orc wizard (D:3)
  4 gnolls (D:3)
  3 adders
  2 oozes
  5 worms
  3 giant geckos (D:2)
  2 orcs (D:3)
  4 bats
  7 giant cockroaches
  4 hobgoblins (D:2)
  11 jackals
  5 kobolds
  A quokka (D:2)
  A ball python (D:1)
  A giant newt (D:2)
  9 goblins
  11 rats
75 creatures vanquished.

Vanquished Creatures (others)
  An orc (D:3)
1 creature vanquished.

Grand Total: 76 creatures vanquished

Notes
Turn   | Place    | Note
--------------------------------------------------------------
     0 | D:1      | endege the Gargoyle Berserker began the quest for the Orb.
     0 | D:1      | Reached XP level 1. HP: 14/14 MP: 1/1
     0 | D:1      | 0 ||| counter = 17
    66 | D:1      | 66 ||| INVOKING Berserk.
    66 | D:1      | HP: 5/21 [jackal (2)]
    68 | D:1      | Reached skill level 3 in Axes
   297 | D:1      | Reached XP level 2. HP: 14/19 MP: 2/2
   830 | D:1      | Reached XP level 3. HP: 21/23 MP: 3/3
   951 | D:1      | 951 ||| UPGRADING to leather armour.
   961 | D:1      | 961 ||| DROPPING +0 animal skin.
   962 | D:1      | 962 ||| READING scroll labeled MOCLIMNIER.
   963 | D:1      | 963 ||| DRINKING 2 golden potions.
  1000 | D:2      | 1000 ||| STAIRDANCE
  1008 | D:1      | Reached ** piety under Trog
  1094 | D:2      | Reached skill level 4 in Axes
  1176 | D:2      | Found a basalt altar of Yredelemnul.
  1210 | D:2      | 1210 ||| INVOKING Berserk.
  1291 | D:2      | 1291 ||| INVOKING Berserk.
  1402 | D:2      | Reached XP level 4. HP: 28/28 MP: 4/4
  1464 | D:2      | 1464 ||| INVOKING Berserk.
  1641 | D:2      | Noticed Sigmund
  1646 | D:2      | 1646 ||| INVOKING Berserk.
  1660 | D:2      | 1660 ||| DRINKING potion of curing.
  1660 | D:2      | 1660 ||| (to cure confusion)
  1663 | D:2      | Killed Sigmund
  1663 | D:2      | Reached skill level 5 in Axes
  1663 | D:2      | Reached XP level 5. HP: 25/32 MP: 5/5
  1663 | D:2      | Reached XP level 6. HP: 28/37 MP: 6/6
  1811 | D:2      | Reached skill level 6 in Axes
  1922 | D:2      | 1922 ||| UPGRADING to ring mail.
  1932 | D:2      | 1932 ||| DROPPING +0 leather armour.
  1933 | D:2      | 1933 ||| DRINKING 2 white potions.
  1934 | D:2      | 1934 ||| DRINKING 2 pink potions.
  1935 | D:2      | 1935 ||| DRINKING 2 brown potions.
  1944 | D:2      | 1944 ||| READING scroll of identify.
  1944 | D:2      | 1944 ||| IDENTIFYING glowing peridot amulet
  1945 | D:2      | 1945 ||| DROPPING amulet of the gourmand.
  1946 | D:2      | 1946 ||| DROPPING potion of brilliance.
  1947 | D:2      | 1947 ||| DROPPING potion of degeneration.
  1948 | D:2      | 1948 ||| DROPPING potion of ambrosia.
  2170 | D:3      | Reached *** piety under Trog
  2252 | D:3      | 2252 ||| INVOKING Berserk.
  2589 | D:3      | Noticed Grinder
  2589 | D:3      | 2589 ||| INVOKING Trog's Hand.
  2598 | D:3      | 2598 ||| INVOKING Berserk.
  2612 | D:3      | 2612 ||| INVOKING Trog's Hand.
  2613 | D:3      | HP: 3/37 [goblin/wand of fire (11)]
  2613 | D:3      | Killed from afar by a goblin

Vault maps used:
D:1:      lightli_arrival_lavapool, serial_corexii_hall, corexii_hall_statues_i,
          corexii_hall_statues_s, serial_park_tiny_2, hex_large
D:2:      yredelemnul_altar_generic, kennysheep_generic_room_11, uniq_sigmund
D:3:      minmay_door_square, uniq_grinder

Action                   |  1- 3 |  4- 6 || total
-------------------------+-------+-------++-------
Melee: Hand axe          |   137 |   145 ||   282
Throw: Tomahawk          |       |    16 ||    16
Invok: Berserk           |     3 |     4 ||     7
       Trog's Hand       |       |     2 ||     2
  Use: Potion            |     1 |     4 ||     5
       Scroll            |     1 |     1 ||     2
  Eat: Chunk             |     5 |     7 ||    12
